 Dungeon Crawl Stone Soup version 0.21-a0-51-gea492e9 (webtiles) character file.

1012 rgnthm the Slasher (level 8, 15/60 HPs)
             Began as a Demonspawn Fighter on June 11, 2017.
             Quit the game on level 4 of the Dungeon on June 12, 2017.
             The game lasted 00:07:29 (4230 turns).

rgnthm the Slasher (Demonspawn Fighter)             Turns: 4230, Time: 00:07:30

Health: 15/60      AC: 14    Str: 18    XL:     8   Next: 1%
Magic:  8/8        EV:  9    Int: 11    God:
Gold:   164        SH: 11    Dex: 12    Spells: 7/7 levels left

rFire    . . .     SeeInvis .   a - +0 long sword
rCold    . . .     Gourm    .   c - +1 shield
rNeg     . . .     Faith    .   o - +3 ring mail
rPois    .         Spirit   .   (helmet restricted)
rElec    .         Reflect  .   (no cloak)
rCorr    .         Harm     .   l - +0 pair of gloves
MR       .....                  s - +0 pair of boots
Stlth    +.........             p - amulet of magic regeneration
Regen    0.2/turn               f - ring of flight
MPRegen  0.2/turn               (no ring)

@: mildly poisoned (15 -> 14)
A: horns 2, icy blue scales 2, powered by pain 1
a: Evoke Flight


You were on level 4 of the Dungeon.
You were not hungry.

You visited 1 branch of the dungeon, and saw 5 of its levels.

You collected 164 gold pieces.

Inventory:

Hand Weapons
 a - a +0 long sword (weapon)
Armour
 b - a +0 scale mail
 c - a +1 shield (worn)
 l - a +0 pair of gloves (worn)
 o - a +3 ring mail (worn)
 q - a +0 chain mail
 s - a +0 pair of boots (worn)
Jewellery
 f - a ring of flight (left hand)
 p - an amulet of magic regeneration (around neck)
Scrolls
 h - 6 scrolls of remove curse
 i - 2 scrolls of teleportation
 k - a scroll of recharging
 r - 2 scrolls of blinking
Potions
 d - a potion of might
 e - 3 potions of curing
 n - 2 potions of haste
 u - 2 potions of flight
Comestibles
 g - 2 royal jellies
 j - 2 meat rations


   Skills:
 + Level 3.9 Fighting
 * Level 6.1 Long Blades
 + Level 3.7 Armour
 + Level 1.1 Dodging
 * Level 5.3 Shields


You had 7 spell levels left.
You didn't know any spells.

Dungeon Overview and Level Annotations

Branches:
Dungeon (5/15)
 Temple: D:4-7

Altars:
Dithmenos
Xom


Innate Abilities, Weirdness & Mutations

You have a pair of horns on your head.
You are mostly covered in icy blue scales. (AC +3)
You sometimes gain a little power by taking damage.


Message History

a trident; an orc corpse You feel sick.
You see here a worker ant corpse.
The phantom blinks!
There is a stone staircase leading down here.
You see here a worker ant corpse.
You feel sick.
Things that are here:
a trident; an orc corpse
Things that are here:
a robe; a scythe of venom You closely miss the phantom.
The phantom is almost destroyed.
The phantom barely misses you.
You slash the phantom!
You destroy the phantom!
You have reached level 8!
You feel clever.
Your demonic ancestry asserts itself...
You feel energised by your suffering.
Are you sure you want to abandon this character and quit the game? (Confirm with "yes".)

..........###
......#.....#
...####.###.######
##.#
#.#........#######
# .#
#.#.#.#...)[......
...#
#......>)#.##..###
###
###....#†#.##..#
.# ##.....).....#
.# #.##.##@##(##
.# #.##.##.##.# ..
...........### .#
.#.##.#.......# ..
#.#......[.....#
.. #...##.##....#
.. .... #)..##..?#
.. ... #.....##..#
.. . #.......#.##


There were no monsters in sight!

Vanquished Creatures
  Sigmund (D:4)
  An ogre (D:4)
  2 phantoms
  A bullfrog (D:4)
  A howler monkey (D:4)
  2 orc priests
  Natasha (D:2)
  5 orc wizards
  A worker ant (D:4)
  Robin (D:2)
  A worker ant zombie (D:5)
  6 adders
  A river rat (D:3)
  3 oozes
  An adder skeleton (D:5)
  3 worms
  A dart slug (D:3)
  4 leopard geckos
  24 orcs
  2 ball pythons
  2 giant cockroaches (D:1)
  24 goblins
  8 hobgoblins
  6 jackals
  A bat (D:2)
  6 frilled lizards
  9 kobolds
  8 rats
126 creatures vanquished.

Notes
Turn   | Place    | Note
-------+----------+-------------------------------------------
     0 | D:1      | rgnthm the Demonspawn Fighter began the quest for the Orb.
     0 | D:1      | Reached XP level 1. HP: 18/18 MP: 1/1
   329 | D:1      | Gained mutation: You are partially covered in icy blue scales. (AC +2) [demonic ancestry]
   329 | D:1      | Reached XP level 2. HP: 22/24 MP: 2/2
   529 | D:1      | Reached skill level 2 in Long Blades
   792 | D:2      | Reached XP level 3. HP: 29/29 MP: 3/3
   855 | D:2      | Noticed Robin
   868 | D:2      | Killed Robin
  1165 | D:2      | Gained mutation: You are mostly covered in icy blue scales. (AC +3) [demonic ancestry]
  1165 | D:2      | Reached XP level 4. HP: 35/35 MP: 4/4
  1370 | D:2      | Reached skill level 3 in Long Blades
  1563 | D:2      | Noticed Natasha
  1573 | D:2      | Killed Natasha
  1835 | D:3      | Noticed a phantom
  1938 | D:3      | Killed a phantom
  1938 | D:3      | Gained mutation: You have a pair of small horns on your head. [demonic ancestry]
  1938 | D:3      | Reached XP level 5. HP: 35/41 MP: 5/5
  2090 | D:3      | Reached skill level 4 in Long Blades
  2240 | D:3      | Gained mutation: You have a pair of horns on your head. [demonic ancestry]
  2240 | D:3      | Reached XP level 6. HP: 26/47 MP: 6/6
  3129 | D:4      | Found a shimmering altar of Xom.
  3152 | D:4      | Reached skill level 5 in Long Blades
  3170 | D:4      | Reached XP level 7. HP: 15/52 MP: 7/7
  3788 | D:4      | Noticed Sigmund
  3809 | D:4      | Killed Sigmund
  3809 | D:4      | Reached skill level 1 in Dodging
  3809 | D:4      | Reached skill level 5 in Shields
  3897 | D:4      | Found a shadowy altar of Dithmenos.
  3923 | D:5      | Entered Level 5 of the Dungeon
  4208 | D:4      | Reached skill level 6 in Long Blades
  4229 | D:4      | Gained mutation: You sometimes gain a little power by taking damage. [demonic ancestry]
  4229 | D:4      | Reached XP level 8. HP: 15/60 MP: 8/8
  4230 | D:4      | Quit the game

Vault maps used:
D:1:      minmay_arrival_solitary_statue, minmay_tromino_v4_c
D:2:      uniq_natasha, uniq_robin
D:3:      gup_sewer_entry_bowl
D:4:      lemuel_round_altar, lemuel_round_altar, first_bread, uniq_sigmund
D:5:      wad_pebble_path, minmay_temple_entry_glassed_door, kennysheep_potato

Skill      XL: |  1  2  3  4  5  6  7 |
---------------+----------------------+-----
Shields        | 3 4 5 |  5.3
Long Blades    | 2 3 4 5 6 |  6.1
Armour         | 3 |  3.7
Dodging        | 1 |  1.1
Fighting       | |  3.9

Action                   |  1- 3 |  4- 6 |  7- 9 || total
-------------------------+-------+-------+-------++-------
Melee: Long sword        |   121 |   269 |   113 ||   503
       Headbutt          |       |    31 |    17 ||    48
  Use: Scroll            |       |    11 |       ||    11
       Potion            |       |       |     2 ||     2
  Eat: Chunk             |       |     6 |       ||     6
       Bread ration      |       |     1 |     1 ||     2
Armor: Scale mail        |    68 |     2 |       ||    70
       Chain mail        |       |   169 |       ||   169
       Ring mail         |       |       |    78 ||    78
Dodge: Dodged            |    36 |    54 |    56 ||   146
Block: Shield            |    47 |   161 |    85 ||   293
       Rpst.: Long sword |     9 |    14 |    17 ||    40
